 Dungeon Sprint DCSS version 0.30-a0-591-g3c58d2bc28 (webtiles) character file.

Game seed: 3602342136652654561

26572 BigDaddyOpFi the End of an Era (level 13, -7/134 HPs)
             Began as a Hill Orc Fighter on Jan 5, 2023.
             Was the Champion of Qazlal.
             Mangled by a frost giant
             ... wielding a +2 battleaxe of freezing
              (10 damage)
             ... in the Dungeon (Sprint IX: "|||||||||||||||||||||||||||||").
             The game lasted 00:08:37 (3280 turns).

BigDaddyOpFi the End of an Era (Hill Orc Fighter)   Turns: 3280, Time: 00:08:37

Health: -7/134     AC: 29    Str: 27    XL:     13   Next: 26%
Magic:  7/28       EV:  6    Int: 11    God:    Qazlal [******]
Gold:   224        SH: 32    Dex: 10    Spells: 12/12 levels left

rFire   + . .      SeeInvis .    m - +4 broad axe (freeze)
rCold   . . .      Faith    .    y - +1 tower shield
rNeg    . . .      Spirit   .    e - +4 plate armour {rF+}
rPois   .          Reflect  +    p - +0 helmet
rElec   .          Harm     .    (no cloak)
rCorr   .          Rampage  .    q - +0 pair of gloves
Will    .....      NoTele   +    t - +0 pair of boots Stlth
                                 w - amulet of reflection
HPRegen 0.42/turn                a - +3 ring of intelligence
MPRegen 0.21/turn                n - +3 ring of strength

@: protected from physical damage, repel missiles
A: no striking features
a: Renounce Religion, Upheaval, Elemental Force, Disaster Area


You were in the Dungeon.
You worshipped Qazlal.
Qazlal was exalted by your worship.
You visited 1 branch You collected 742 gold pieces.
You spent 518 gold pieces at shops.

Inventory:

Hand Weapons
 m - a +4 broad axe of freezing (weapon)
Armour
 e - a +4 plate armour of fire resistance (worn)
 p - a +0 helmet (worn)
 q - a +0 pair of gloves (worn)
 t - a +0 pair of boots (worn)
 y - a +1 tower shield (worn)
Jewellery
 a - a +3 ring of intelligence (left hand)
 n - a +3 ring of strength (right hand)
 u - a ring of willpower
 v - a ring of willpower
 w - an amulet of reflection (around neck)
 x - a ring of see invisible
Wands
 c - a wand of flame (21)
 l - a wand of iceblast (6) (quivered)
Scrolls
 j - 4 scrolls of blinking
 k - 2 scrolls of amnesia
 r - 3 scrolls of fear
 s - 2 scrolls of identify
Potions
 d - a potion of invisibility
 f - 2 potions of mutation
 g - a potion of attraction
 h - 4 potions of magic
 i - a potion of berserk rage
 o - 2 potions of might
 z - 2 potions of curing


   Skills:
 + Level 17.7 Fighting
 + Level 19.0 Axes
 + Level 16.5 Armour
 + Level 16.4 Shields
 + Level 22.7 Invocations
 + Level 5.5 Evocations


You had 12 spell levels left.
You didn't know any spells.
Your spell library was empty.

Dungeon Overview and Level Annotations

Branches:
Dungeon (1/1)

Altars:
Cheibriados
Dithmenos
Elyvilon
Fedhas
Gozag
Hepliaklqana
Kikubaaqudgha
Makhleb
Nemelex Xobeh
Okawaru
Qazlal
Ru
Sif Muna
Trog
Uskayaw
Vehumet
Wu Jian
Xom
Yredelemnul
Zin
The Shining One
Beogh
Jiyva
Lugonu

Shops:
D *([(


Message History

The frost giant casts a spell at you. The bolt of cold hits you! You resist.
* * * LOW HITPOINT WARNING * * *
You completely miss the frost giant.
The frost giant is moderately wounded.
You hit the frost giant.
The frost giant is moderately wounded.
You block the frost giant's attack.
You feel much better.
The frost giant hits you with a +2 battleaxe of freezing!!
* * * LOW HITPOINT WARNING * * *
You feel more protected from cold. The frost giant freezes you.
* * * LOW HITPOINT WARNING * * *
You slash the frost giant! You freeze the frost giant.
The frost giant is heavily wounded.
The frost giant gestures at you while chanting.
The bolt of cold hits you but does no damage.
You feel more protected from cold.
You slice the frost giant!! You freeze the frost giant.
The frost giant is severely wounded.
The frost giant hits you with a +2 battleaxe of freezing.
* * * LOW HITPOINT WARNING * * *
Your resistance to cold fades away.
You feel protected from physical attacks.
The frost giant freezes you.
* * * LOW HITPOINT WARNING * * *
Aiming: Upheaval
Press: ? - help, Dir - move target Magma suddenly erupts from the ground!
The blast of magma engulfs the ettin!
The ettin is moderately wounded.
You block the frost giant's attack.
You slice the frost giant!! You freeze the frost giant.
The frost giant is almost dead.
The frost giant hits you with a +2 battleaxe of freezing!!
* * * LOW HITPOINT WARNING * * *
You feel more protected from physical attacks.
The frost giant freezes you!
You die...

...'†.†...†††'........[...'...[[[
▓▓▓▓▓▓▓▓▓▓▓▓▓▓▓▓▓▓▓▓▓▓▓▓▓▓▓▓▓▓▓▓▓
.................................
▓▓▓▓▓▓▓▓▓▓▓▓▓▓▓▓▓▓▓▓▓▓▓▓▓▓▓▓▓▓▓▓▓
))..).))....')[.).∩)∩.∩)∩.....'..
▓▓▓▓▓▓▓▓▓▓▓▓▓▓▓▓▓▓▓▓▓▓▓▓▓▓▓▓▓▓▓▓▓
.............[..............)....
▓▓▓▓▓▓▓▓▓▓▓▓▓▓▓▓▓▓▓▓▓▓▓▓▓▓▓▓▓▓▓▓▓
[[[[....†.....'[@CC...)....
▓▓▓▓▓▓▓▓▓▓▓▓▓▓▓▓▓▓▓▓▓▓▓▓▓▓▓


You could see a frost giant and an ettin.

Vanquished Creatures
  Gastronok (D)
  An ettin (D)
  A fire dragon (D)
  Josephine (D)
  A hydra (D)
  2 ice dragons (D)
  2 boulder beetles (D)
  2 tengu warriors (D)
  A death yak (D)
  5 orc high priests (D)
  A skeletal warrior (D)
  2 deep elf pyromancers (D)
  8 orc knights (D)
  An orc sorcerer (D)
  2 cyclopes (D)
  A manticore (D)
  4 cane toads (D)
  8 elephants (D)
  Psyche (D)
  2 yaktaurs (D)
  4 komodo dragons (D)
  A queen bee (D)
  2 trolls (D)
  A meliai (D)
  A blink frog (D)
  2 wyverns (D)
  3 wraiths (D)
  3 yaks (D)
  Grum (D)
  A water moccasin (D)
  8 orc warriors (D)
  A black bear (D)
  A boggart (D)
  3 wolves (D)
  An ogre (D)
  3 bullfrogs (D)
  A scorpion (D)
  A wight (D)
  A killer bee (D)
  5 orc priests (D)
  An iguana (D)
  4 orc wizards (D)
  An adder (D)
  7 orcs (D)
  A giant cockroach (D)
  A hobgoblin (D)
  A ball python (D)
  A frilled lizard (D)
  A rat (D)
109 creatures vanquished.

Notes
Turn   | Place    | Note
-------+----------+-------------------------------------------
     0 | D        | BigDaddyOpFi the Hill Orc Fighter began the quest for the
                  | Orb.
     0 | D        | Reached XP level 1. HP: 19/19 MP: 1/1
    12 | D        | Banished a spatial maelstrom
    42 | D        | Noticed an ogre
    42 | D        | Noticed a scorpion
    42 | D        | Noticed an iguana
    42 | D        | Noticed a black bear
    44 | D        | Killed an ogre
    45 | D        | Reached skill level 5 in Armour
    45 | D        | Reached skill level 5 in Shields
    45 | D        | Reached XP level 2. HP: 30/30 MP: 2/2
    45 | D        | Reached XP level 3. HP: 37/37 MP: 3/3
    45 | D        | Reached XP level 4. HP: 44/44 MP: 4/4
    48 | D        | Killed a scorpion
    49 | D        | Reached XP level 5. HP: 52/52 MP: 5/5
    58 | D        | Killed a black bear
    59 | D        | Reached XP level 6. HP: 43/62 MP: 6/6
   107 | D        | Found a roughly hewn altar of Beogh.
   107 | D        | Found a snail-covered altar of Cheibriados.
   107 | D        | Found a shadowy altar of Dithmenos.
   107 | D        | Found a white marble altar of Elyvilon.
   107 | D        | Found a blossoming altar of Fedhas.
   107 | D        | Found an opulent altar of Gozag.
   121 | D        | Found a hazy altar of Hepliaklqana.
   122 | D        | Found a viscous altar of Jiyva.
   123 | D        | Found an ancient bone altar of Kikubaaqudgha.
   124 | D        | Found a corrupted altar of Lugonu.
   125 | D        | Found a burning altar of Makhleb.
   126 | D        | Found a sparkling altar of Nemelex Xobeh.
   127 | D        | Found an iron altar of Okawaru.
   128 | D        | Found a stormy altar of Qazlal.
   129 | D        | Found a sacrificial altar of Ru.
   130 | D        | Found a shimmering blue altar of Sif Muna.
   131 | D        | Found a bloodstained altar of Trog.
   132 | D        | Found a hide-covered altar of Uskayaw.
   133 | D        | Found a radiant altar of Vehumet.
   134 | D        | Found an ornate altar of the Wu Jian Council.
   135 | D        | Found a shimmering altar of Xom.
   136 | D        | Became a worshipper of Qazlal Stormbringer
   137 | D        | Found a basalt altar of Yredelemnul.
   138 | D        | Found a glowing silver altar of Zin.
   139 | D        | Found a glowing golden altar of the Shining One.
   202 | D        | Noticed a yak
   202 | D        | Noticed a troll
   202 | D        | Noticed a troll
   206 | D        | Killed a yak
   207 | D        | Reached skill level 4 in Invocations
   209 | D        | Reached skill level 5 in Invocations
   209 | D        | Reached XP level 7. HP: 48/70 MP: 6/10
   210 | D        | Killed a troll
   210 | D        | Reached * piety under Qazlal
   211 | D        | Reached skill level 10 in Axes
   211 | D        | Reached skill level 7 in Invocations
   220 | D        | Killed a troll
   221 | D        | Reached skill level 10 in Fighting
   221 | D        | Reached skill level 8 in Invocations
   221 | D        | Reached XP level 8. HP: 26/79 MP: 7/14
   226 | D        | Reached ** piety under Qazlal
   227 | D        | Reached skill level 9 in Invocations
   688 | D        | Noticed a cyclops
   688 | D        | Noticed a meliai
   688 | D        | Noticed a deep elf pyromancer
   688 | D        | Noticed a cyclops
   688 | D        | Noticed a skeletal warrior
   688 | D        | Noticed a deep elf pyromancer
   696 | D        | Killed a cyclops
   697 | D        | Reached skill level 10 in Invocations
   699 | D        | Killed a meliai
   700 | D        | Reached skill level 10 in Armour
   700 | D        | Reached skill level 10 in Shields
   700 | D        | Reached skill level 11 in Invocations
   706 | D        | Killed a deep elf pyromancer
   707 | D        | Reached skill level 12 in Invocations
   707 | D        | Reached XP level 9. HP: 61/89 MP: 15/18
   709 | D        | Killed a cyclops
   709 | D        | Reached *** piety under Qazlal
   728 | D        | Killed a deep elf pyromancer
   729 | D        | Reached skill level 13 in Invocations
   735 | D        | Killed a skeletal warrior
   736 | D        | Reached skill level 14 in Invocations
   736 | D        | Reached XP level 10. HP: 31/99 MP: 15/20
  1156 | D        | Noticed a cane toad
  1174 | D        | Reached **** piety under Qazlal
  1185 | D        | Killed a cane toad
  1186 | D        | Reached skill level 15 in Invocations
  1195 | D        | HP: 2/100 [komodo dragon (25)]
  1201 | D        | Reached ***** piety under Qazlal
  1536 | D        | Noticed a cane toad
  1536 | D        | Noticed a cane toad
  1536 | D        | Noticed a death yak
  1537 | D        | Killed a cane toad
  1537 | D        | Killed a cane toad
  1538 | D        | Reached skill level 16 in Invocations
  1539 | D        | Noticed a cane toad
  1550 | D        | Killed a death yak
  1552 | D        | Killed a cane toad
  1553 | D        | Reached skill level 17 in Invocations
  1553 | D        | Reached XP level 11. HP: 107/108 MP: 15/23
  1573 | D        | Reached skill level 15 in Axes
  1652 | D        | Reached ****** piety under Qazlal
  1669 | D        | Reached skill level 18 in Invocations
  1792 | D        | Noticed Josephine
  1805 | D        | Killed Josephine
  1807 | D        | Reached skill level 19 in Invocations
  1917 | D        | Reached skill level 15 in Fighting
  2121 | D        | Noticed an orc knight
  2131 | D        | Noticed an orc sorcerer
  2145 | D        | Killed an orc sorcerer
  2151 | D        | Killed an orc knight
  2437 | D        | Found Cybbob's Assorted Antiques.
  2437 | D        | Noticed an orc high priest
  2437 | D        | Noticed an orc knight
  2437 | D        | Noticed an orc knight
  2437 | D        | Noticed an orc high priest
  2437 | D        | Noticed an orc high priest
  2438 | D        | Noticed a sun demon
  2438 | D        | Killed an orc high priest
  2438 | D        | Killed an orc high priest
  2438 | D        | Killed an orc knight
  2438 | D        | Killed an orc high priest
  2439 | D        | Reached skill level 20 in Invocations
  2439 | D        | Reached XP level 12. HP: 107/122 MP: 16/26
  2444 | D        | Found Uphoeci's Antique Weapon Shoppe.
  2447 | D        | Found Xuppucar's Antique Armour Emporium.
  2447 | D        | Noticed an orc high priest
  2448 | D        | Killed an orc high priest
  2449 | D        | Reached skill level 15 in Armour
  2449 | D        | Reached skill level 21 in Invocations
  2452 | D        | Reached skill level 15 in Shields
  2458 | D        | Found Mausmey's Weapon Shoppe.
  2461 | D        | Noticed an orc high priest
  2471 | D        | Killed an orc high priest
  3000 | D        | Bought a runed plate armour for 442 gold pieces
  3016 | D        | Bought a tower shield for 76 gold pieces
  3048 | D        | Noticed Psyche
  3055 | D        | Killed Psyche
  3059 | D        | Noticed Grum
  3066 | D        | Killed Grum
  3067 | D        | Reached skill level 1 in Evocations
  3089 | D        | Noticed Gastronok
  3098 | D        | Killed Gastronok
  3099 | D        | Reached skill level 22 in Invocations
  3226 | D        | Noticed a boulder beetle
  3226 | D        | Noticed a five-headed hydra
  3226 | D        | Noticed a boulder beetle
  3226 | D        | Noticed a tengu warrior
  3229 | D        | Killed a boulder beetle
  3229 | D        | Killed a tengu warrior
  3229 | D        | Noticed an ettin
  3230 | D        | Killed a boulder beetle
  3230 | D        | Killed an ettin
  3231 | D        | Reached XP level 13. HP: 132/132 MP: 11/28
  3233 | D        | Noticed an ice dragon
  3236 | D        | Noticed a fire dragon
  3243 | D        | Noticed an ice dragon
  3247 | D        | Killed an ice dragon
  3248 | D        | Reached skill level 5 in Evocations
  3249 | D        | Killed an ice dragon
  3251 | D        | Killed a fire dragon
  3252 | D        | Noticed an ettin
  3253 | D        | Noticed a frost giant
  3280 | D        | HP: 3/134 [frost giant/+2 battleaxe of freezing (26)]
  3280 | D        | Mangled by a frost giant

Illustrated notes

Levels and vault maps discovered:
D:        linesprint [early_d, line_temple, items_1, d_10, items_2, lair_1,
          lair_end, items_3, orc_1, orc_end, items_4, d_15, swamp_1, shoals_1,
          snake_1, spider_1, d_20, vaults_1, items_5, swamp_end, shoals_end,
          snake_end, spider_end, vaults_end, d_27, items_6, zot_1, zot_end,
          crypt_end, forest_end, elf_end, slime_end, tomb_end, abyss_end,
          pan_hell_end]

Skill      XL: |  1  2  3  4  5  6  7  8  9 10 11 12 13 |
---------------+----------------------------------------+-----
Axes           | 6 7 8 9 10 12 13 14 17 18 19 | 19.0
Fighting       | 6 7 8 9 10 11 12 13 15 17 | 17.7
Armour         | 5 6 7 8 9 10 11 13 14 16 | 16.5
Shields        | 5 6 7 8 9 10 11 12 14 16 | 16.4
Invocations    | 5 8 12 14 17 20 22 | 22.7
Evocations     | 4 5 |  5.5

Action                   |  1- 3 |  4- 6 |  7- 9 | 10-12 | 13-15 || total
-------------------------+-------+-------+-------+-------+-------++-------
Melee: War axe           |    23 |    14 |       |       |       ||    37
       Broad axe         |       |     4 |    51 |   277 |    20 ||   352
Invok: Upheaval          |       |       |     1 |     1 |     2 ||     4
       Disaster Area     |       |       |       |     6 |     1 ||     7
Evoke: Wand              |       |     2 |     2 |       |       ||     4
  Use: Potion            |     1 |       |     8 |     5 |     1 ||    15
       Scroll            |       |       |       |     5 |       ||     5
Armor: Scale mail        |     8 |    10 |       |       |       ||    18
       Chain mail        |       |     2 |    15 |    51 |       ||    68
       Plate armour      |       |       |       |     5 |     3 ||     8
Dodge: Dodged            |    12 |     4 |    14 |    38 |     2 ||    70
       Repelled          |       |       |       |       |     1 ||     1
Block: Buckler           |     9 |     5 |    20 |    97 |       ||   131
       Tower shield      |       |       |       |    28 |    19 ||    47

Table legend: (Time is in decaauts)
 A = Elapsed time spent in this place.
 B = Non-inter-level travel time spent in this place.
 C = Inter-level travel time spent in this place.
 D = Time resting spent in this place.
 E = Time spent auto-exploring this place.
 F = Levels seen in this place.
 G = Mean time per level.
                   A        B        C        D        E       F      G
               +--------+--------+--------+--------+--------+-----+--------+
         Total |   3234 |   3234 |      0 |   2179 |      0 |   1 | 3234.0 |
       Dungeon |   3234 |   3234 |      0 |   2179 |      0 |   1 | 3234.0 |
               +--------+--------+--------+--------+--------+-----+--------+

Top non-repeatable levels by time:
       D: 3234 daAuts
